 Dungeon Crawl Stone Soup version 0.28.0 (webtiles) character file.

Game seed: 482783866935443377

144 Ijustatesigmund the Cudgeller (level 5, -4/37 HPs)
             Began as a Gargoyle Fighter on Feb 10, 2022.
             Slain by an ogre (23 damage)
             ... on level 4 of the Dungeon.
             The game lasted 00:03:46 (2834 turns).

Ijustatesigmund the Cudgeller (Gargoyle Fighter)    Turns: 2834, Time: 00:03:46

Health: -4/37      AC: 10    Str: 21    XL:     5   Next: 26%
Magic:  5/5        EV:  9    Int:  9    God:
Gold:   162        SH:  8    Dex:  9    Spells: 4/4 levels left

rFire   . . .      SeeInvis .   a - +1 flail
rCold   + . .      Faith    .   c - +0 buckler
rNeg    + . .      Spirit   .   b - +0 scale mail
rPois   ∞          Reflect  .   (no helmet)
rElec   +          Harm     .   (no cloak)
rCorr   .          Rampage  .   (no gloves)
Will    .....                   (no boots)
Stlth   ..........              (no amulet)
HPRegen 0.12/turn               (no ring)
MPRegen 0.09/turn               (no ring)

@: mighty
A: sickness immunity, AC +4, negative energy resistance 1, electricity
resistance, torment resistance 1, petrification resistance, large bone plates 1,
cold resistance 1, robust 1
a: no special abilities


You were on level 4 of the Dungeon.
You visited 1 branch of the dungeon, and saw 4 of its levels.

You collected 162 gold pieces.

Inventory:

Hand Weapons
 a - a +1 flail (weapon)
Armour
 b - a +0 scale mail (worn)
 c - a +0 buckler (worn)
Scrolls
 k - 3 scrolls of identify
Potions
 d - a potion of might
 e - a potion of flight
 f - 2 potions of mutation
 h - a potion of cancellation {unknown}
 i - a potion of ambrosia {unknown}
 j - a potion of lignification {unknown}


   Skills:
 + Level 4.4 Fighting
 + Level 4.5 Maces & Flails
 + Level 3.3 Armour
 - Level 3.2 Shields


You had 4 spell levels left.
You didn't know any spells.
Your spell library contained the following spells:

 Spells                   Type           Power      Damage    Failure   Level
 Animate Skeleton         Necr           0%         N/A       82%         1
 Apportation              Tloc           0%         N/A       82%         1
 Summon Small Mammal      Summ           0%         N/A       82%         1


Dungeon Overview and Level Annotations

Branches:
Dungeon (4/15)
 Temple: D:4-7

Altars:
Hepliaklqana
Ru


Innate Abilities, Weirdness & Mutations

You are immune to sickness and miasma.
Your stone body is resilient. (AC +4)
You are immune to poison.
You resist negative energy. (rN+)
You are resistant to electric shocks. (rElec)
You are resistant to unholy torment.
You are immune to petrification.
You are partially covered in large bone plates. (SH +4)
Your flesh is cold resistant. (rC+)
You are robust. (+10% HP)


Message History

No target in view!
No target in view!
Things that are here:
a +0 dagger; a goblin corpse You now have 162 gold pieces (gained 7).
You open the door.
An iguana comes into view.
The iguana hisses angrily.
Found a fuming sapphire potion, 15 arrows, 7 gold pieces and 9 stones.
An ogre comes into view. It is wielding a +0 giant club.
Found 14 gold pieces.
The ogre shouts!
There is an open door here.
You barely miss the ogre. The ogre barely misses you. The iguana bites you.
You barely miss the ogre. The iguana closely misses you.
The ogre hits you with a +0 giant club!
You are too injured to fight recklessly!
You are too injured to fight recklessly!
You are too injured to fight recklessly!
You are too injured to fight recklessly!
You are too injured to fight recklessly!
You are too injured to fight recklessly!
You are too injured to fight recklessly!
You are too injured to fight recklessly!
You are too injured to fight recklessly!
You are too injured to fight recklessly!
It was a potion of mutation.
You feel extremely strange.
You feel robust.
Large bone plates grow over parts of your arms.
You feel resistant to cold. The iguana closely misses you.
The ogre barely misses you.
Okay, then.
It was a potion of curing.
You feel better. You block the iguana's attack.
You feel very mighty all of a sudden. The ogre barely misses you.
The iguana misses you.
You thump the ogre!
The ogre is heavily wounded.
The ogre hits you with a +0 giant club!!
Ouch! That really hurt!
You die...

........# #.# ..
.#.####.####.###....
...................#
####+#######'####..#
##.....# ##..)..##
##.....## ##.....##
#...@.## ###O###
#!.l..# #..(..#
+.$.$.+ #..(..#
#.....# ###+###


You could see an ogre and an iguana.

Vanquished Creatures
  An orc wizard (D:3)
  3 adders (D:3)
  3 dart slugs
  7 orcs (D:3)
  3 ball pythons
  4 bats
  4 endoplasms
  A giant cockroach (D:1)
  8 goblins
  7 hobgoblins
  4 jackals
  6 kobolds
  8 quokkas
  11 frilled lizards
  6 rats
76 creatures vanquished.

Vanquished Creatures (others)
  5 plants (D:2)
5 creatures vanquished.

Grand Total: 81 creatures vanquished

Notes
Turn   | Place    | Note
-------+----------+-------------------------------------------
     0 | D:1      | Ijustatesigmund the Gargoyle Fighter began the quest for
                  | the Orb.
     0 | D:1      | Reached XP level 1. HP: 14/14 MP: 1/1
    36 | D:1      | Reached XP level 2. HP: 17/19 MP: 2/2
   204 | D:2      | Found a hazy altar of Hepliaklqana.
   221 | D:2      | Reached XP level 3. HP: 11/24 MP: 3/3
   758 | D:1      | Found a faded altar of an unknown god.
  1241 | D:2      | Reached XP level 4. HP: 29/29 MP: 4/4
  2355 | D:3      | Reached XP level 5. HP: 14/34 MP: 5/5
  2640 | D:3      | Found a sacrificial altar of Ru.
  2827 | D:4      | Noticed an ogre
  2830 | D:4      | Gained mutation: You are robust. (+10% HP) [potion of
                  | mutation]
  2830 | D:4      | Gained mutation: You are partially covered in large bone
                  | plates. (SH +4) [potion of mutation]
  2830 | D:4      | Gained mutation: Your flesh is cold resistant. (rC+)
                  | [potion of mutation]
  2834 | D:4      | Slain by an ogre

Illustrated notes

Levels and vault maps discovered:
D:1:      minmay_arrival_checkered_box, layout_rooms,
          hellmonk_ecumenical_altar_prayer_group, st_stairs_1
D:2:      kennysheep_big_flooded_room, layout_loops_ring, serial_forest,
          infiniplex_forest_lined_ring, infiniplex_forest_corner_2,
          infiniplex_forest_lined_2, infiniplex_forest_lined_1,
          infiniplex_forest_clump_large, infiniplex_forest_lined_room_,
          basic_altar
D:3:      layout_rooms, mainiacjoe_overflow_six_doors_small
D:4:      layout_loops_ring, minivault_27, grunt_ministairs_15,
          minmay_quadrilaterals

Skill      XL: |  1  2  3  4 |
---------------+-------------+-----
Maces & Flails | 3 4 |  4.5
Fighting       | 4 |  4.4
Armour         | |  3.3
Shields        | |  3.2

Action                   |  1- 3 |  4- 6 || total
-------------------------+-------+-------++-------
Melee: Flail             |   143 |   113 ||   256
  Use: Scroll            |     2 |     3 ||     5
       Potion            |       |     3 ||     3
Armor: Scale mail        |    86 |    84 ||   170
Dodge: Dodged            |    78 |    58 ||   136
Block: Buckler           |    33 |    22 ||    55
